 Dungeon Crawl Stone Soup version 0.27-a0-577-ge2a43ba0c9 (webtiles) character file.

Game seed: 2866619075048579608

44 sahdkjhfkaj the Digger (level 3, 26/26 HPs)
             Began as a Ghoul Earth Elementalist on Mar 10, 2021.
             Quit the game on level 2 of the Dungeon.
             The game lasted 00:02:54 (1320 turns).

sahdkjhfkaj the Digger (Ghoul Earth Elementalist)   Turns: 1320, Time: 00:02:55

Health: 26/26      AC:  3    Str: 11    XL:     3   Next: 60%
Magic:  1/4        EV: 16    Int: 11    God:
Gold:   68         SH:  0    Dex:  9    Spells: 4/5 levels left

rFire    . . .     SeeInvis .   a - +0 short sword (elec)
rCold    + . .     Faith    .   (no shield)
rNeg     + + +     Spirit   .   c - +0 robe
rPois    ∞         Reflect  .   h - +0 helmet
rElec    .         Harm     .   (no cloak)
rCorr    .         Rampage  .   (no gloves)
Will     .....                  (no boots)
Stlth    ++........             (no amulet)
HPRegen  0.00/turn              d - +4 ring of evasion
MPRegen  0.09/turn              (no ring)

@: no status effects
A: claws 1, cold resistance 1, negative energy resistance 3, inhibited
regeneration, torment resistance 2, unbreathing 1
a: no special abilities


You were on level 2 of the Dungeon.
You visited 1 branch of the dungeon, and saw 2 of its levels.

You collected 68 gold pieces.

Inventory:

Hand Weapons
 a - a +0 short sword of electrocution (weapon)
Missiles
 e - 11 poisoned darts
 s - 31 stones
Armour
 c - a +0 robe (worn)
 h - a +0 helmet (worn)
Jewellery
 d - a +4 ring of evasion (left claw)
 f - a ring of wizardry
Scrolls
 g - a scroll of fear {unknown}
 j - a scroll of enchant weapon {unknown}
Potions
 b - a potion of flight {unknown}
 i - a potion of invisibility {unknown}


   Skills:
 + Level 0.0 Fighting
 - Level 1.7 Dodging
 - Level 2.1 Stealth
 - Level 1.7 Spellcasting
 - Level 0.8 Transmutations
 - Level 5.0 Earth Magic


You had 4 spell levels left.
You knew the following spells:

 Your Spells              Type           Power      Damage    Failure   Level
a - Sandblast             Erth           22%        2d7       3%          1

Your spell library contained the following spells:

 Spells                   Type           Power      Damage    Failure   Level
 Passwall                 Tmut/Erth      5%         N/A       14%         2
 Stone Arrow              Conj/Erth      12%        3d7       32%         3
 Petrify                  Tmut/Erth      7%         N/A       65%         4
 Lee's Rapid Deconstruct  Erth           5%         3d7*      71%         5


Dungeon Overview and Level Annotations

Branches:
Dungeon (2/15)

Altars:


Innate Abilities, Weirdness & Mutations

You thrive by killing the living.
You are immune to poison.
You have sharp fingernails.
Your flesh is cold resistant. (rC+)
You are immune to negative energy. (rN+++)
You do not regenerate when monsters are visible.
You are immune to unholy pain and torment.
You can survive without breathing.


Message History

The blast of sand hits the frilled lizard!
You kill the frilled lizard!
No target in view!
You can't see any susceptible monsters within range! (Use Z to cast anyway.)
You can't see any susceptible monsters within range! (Use Z to cast anyway.)
A frilled lizard is nearby!
A frilled lizard is nearby!
The blast of sand hits the frilled lizard.
You kill the frilled lizard!
You can't see any susceptible monsters within range! (Use Z to cast anyway.)
There is a stone staircase leading up here.
A rat comes into view.
A rat is nearby!
A rat is nearby!
The blast of sand hits the rat.
You kill the rat!
You can't see any susceptible monsters within range! (Use Z to cast anyway.)
A frilled lizard comes into view.
You see here a rat corpse.
A frilled lizard is nearby!
A frilled lizard is nearby!
The blast of sand hits the frilled lizard!
You kill the frilled lizard!
No target in view!
You can't see any susceptible monsters within range! (Use Z to cast anyway.)
You now have 68 gold pieces (gained 11).
An adder comes into view.
An adder is nearby!
An adder is nearby!
A giant cockroach comes into view.
The blast of sand hits the adder.
The adder is heavily wounded.
The adder hisses angrily.
The blast of sand misses the adder.
The blast of sand hits the adder!
You kill the adder!
Training target 5.0 for Earth Magic reached!
Your Earth Magic skill increases to level 5!
You need to enable at least one skill for training.
Are you sure you want to abandon this character and quit the game? (Confirm with "yes".)

..........#.#
####.###.#†###### ##
#.# #...........
#.###...######.# #
#.......######.###.##
.....†.................
###.###........## .....
#.# ##.#####.##......
#.# #.@.B..... #.#
####...... #.. ..?..
### .... ###


You could see a giant cockroach.

Vanquished Creatures
  2 adders (D:2)
  2 leopard geckos (D:1)
  4 bats (D:1)
  2 giant cockroaches (D:1)
  A goblin (D:1)
  2 hobgoblins (D:1)
  5 frilled lizards
  3 kobolds
  7 rats
28 creatures vanquished.

Notes
Turn   | Place    | Note
-------+----------+-------------------------------------------
     0 | D:1      | sahdkjhfkaj the Ghoul Earth Elementalist began the quest
                  | for the Orb.
     0 | D:1      | Reached XP level 1. HP: 14/14 MP: 2/2
   196 | D:1      | Reached XP level 2. HP: 20/20 MP: 1/3
   269 | D:1      | Reached skill level 4 in Earth Magic
  1130 | D:2      | Reached XP level 3. HP: 15/26 MP: 0/4
  1320 | D:2      | Reached skill level 5 in Earth Magic
  1320 | D:2      | Quit the game

Illustrated notes

Levels and vault maps discovered:
D:1:      mainiacjoe_arrival_reflecting_pool, layout_basic,
          chequers_serial_rivers_micro_a
D:2:      layout_loops_ring, grunt_temple_overflow_cloverleaf

Skill      XL: |  1  2  3 |
---------------+----------+-----
Earth Magic    | 4 5 |  5.0
Dodging        | |  1.7
Stealth        | |  2.1
Spellcasting   | |  1.7
Transmutations | |  0.8

Action                   || total
-------------------------++-------
Melee: Unarmed           ||    18
       Short sword       ||     9
 Cast: Sandblast         ||    33
Armor: Robe              ||     5
Dodge: Dodged            ||    24

Table legend: (Time is in decaauts)
 A = Elapsed time spent in this place.
 B = Non-inter-level travel time spent in this place.
 C = Inter-level travel time spent in this place.
 D = Time resting spent in this place.
 E = Time spent auto-exploring this place.
 F = Levels seen in this place.
 G = Mean time per level.
                   A        B        C        D        E       F      G
               +--------+--------+--------+--------+--------+-----+--------+
         Total |   1321 |   1192 |    129 |      0 |   1045 |   2 |  660.5 |
       Dungeon |   1321 |   1192 |    129 |      0 |   1045 |   2 |  660.5 |
               +--------+--------+--------+--------+--------+-----+--------+

Top non-repeatable levels by time:
     D:1: 1061 daAuts
     D:2: 260 daAuts
